 Dungeon Crawl Stone Soup version 0.30-b1-2-g02819fbbbe (webtiles) character file.

Game seed: 9138801126177289595

5262 LLlMATKO the Cleaver (level 10, -1/89 (93) HPs)
             Began as a Minotaur Berserker on Oct 29, 2023.
             Was an Elder of Trog.
             Slain by a two-headed ogre
             ... wielding a +0 giant club
             ... summoned by an orange crystal statue
              (13 damage)
             ... on level 8 of the Dungeon.
             The game lasted 00:07:08 (8257 turns).

LLlMATKO the Cleaver (Minotaur Berserker)           Turns: 8257, Time: 00:07:09

HP:   -1/89 (93)    AC: 21    Str: 26      XL:     10   Next: 36%
MP:   0/9           EV:  7    Int:  3 (4)  God:    Trog [****..]
Gold: 496           SH:  0    Dex: 10      Spells: 9/9 levels left

rFire   . . .        H - +4 battleaxe (freeze)
rCold   . . .        (shield currently unavailable)
rNeg    . . .        G - +0 crystal plate armour
rPois   .            (helmet restricted)
rElec   .            (no cloak)
rCorr   .            i - +0 pair of gloves
SInv    .            (no boots)
Will    .....        (no amulet) Stlth
                     (no ring)
HPRegen 0.34/turn    (no ring)
MPRegen 0.11/turn

%: no passive effects
@: on berserk cooldown, slowed, lightly drained, very slow
A: horns 2, retaliatory headbutt
a: Renounce Religion, Berserk, Trog's Hand, Brothers in Arms


You were on level 8 of the Dungeon.
You worshipped Trog.
Trog was greatly pleased with you.
You visited 1 branch of the dungeon, and saw 8 of its levels.

You collected 496 gold pieces.

Inventory:

Hand Weapons
 n - a +2 spear of flaming
 B - a +0 hand axe
 H - a +4 battleaxe of freezing (weapon)
 I - a +3 war axe
Missiles
 r - 3 throwing nets
 v - 10 boomerangs (quivered)
 w - 9 poisoned darts
 C - 6 silver javelins
 K - a curare-tipped dart
Armour
 i - a +0 pair of gloves (worn)
 G - a +0 crystal plate armour (worn)
Jewellery
 E - a ring of ice
 L - a ring of positive energy
Wands
 t - a wand of flame (39)
Scrolls
 a - a scroll of teleportation {unknown}
 b - a scroll of magic mapping {unknown}
 c - 2 scrolls of immolation {unknown}
 f - 3 scrolls of blinking {unknown}
 h - a scroll of silence {unknown}
 k - 2 scrolls of enchant armour {unknown}
 m - 2 scrolls of enchant weapon {unknown}
 o - 9 scrolls of identify {unknown}
 s - 2 scrolls of fear {unknown}
 x - a scroll of poison {unknown}
 y - a scroll of noise {unknown}
 A - 3 scrolls of brand weapon {unknown}
 D - a scroll of fog {unknown}
 M - a scroll of vulnerability {unknown}
Potions
 d - 5 potions of brilliance {unknown}
 e - a potion of lignification {unknown}
 g - a potion of flight {unknown}
 j - a potion of berserk rage {unknown}
 l - 2 potions of attraction {unknown}
 p - a potion of haste {unknown}
 q - a potion of mutation {unknown}
 u - 5 potions of degeneration {unknown}
 z - 3 potions of curing {unknown}
 F - a potion of might {unknown}
 J - a potion of magic {unknown}
 N - a potion of resistance {unknown}


   Skills:
 + Level 10.0 Fighting
 + Level 10.0 Axes
 + Level 9.6 Armour
 + Level 8.8 Dodging


You had 9 spell levels left.
You didn't know any spells.
Your spell library was empty.

Dungeon Overview and Level Annotations

Branches:
Dungeon (8/15)             Temple (0/1) D:5
   Lair: D:8-11

Altars:
Gozag
Kikubaaqudgha
Okawaru
Qazlal
Ru
Sif Muna
Wu Jian
Xom
The Shining One

Shops:
D:3 [

Annotations:
D:8 exclusion: orange crystal statue


Innate Abilities, Weirdness & Mutations

You have a pair of horns on your head.
You reflexively headbutt those who attack you in melee.


Message History

You bump into the rock wall.
You feel a strong urge to attack something.
The two-headed ogre hits you with a +0 giant club!
The two-headed ogre hits you but does no damage.
You bump into the rock wall.
You are no longer berserk.
You are exhausted.
You feel yourself slow down.
You closely miss the two-headed ogre. You slash the orange crystal statue!
You feel less confused.
The two-headed ogre hits you with a +0 giant club! x2
The orange crystal statue fixes its piercing gaze on you. x2
Something tries to feed on your intellect!
You slice the orange crystal statue!! You freeze the orange crystal statue.
The orange crystal statue is severely damaged.
You completely miss the two-headed ogre.
The two-headed ogre hits you but does no damage.
The two-headed ogre hits you with a +0 giant club!!
The two-headed ogre hits you with a +0 giant club.
The two-headed ogre hits you with a +0 giant club!!
* * * LOW HITPOINT WARNING * * *
You slash the orange crystal statue! You headbutt the orange crystal statue.
The orange crystal statue is severely damaged.
You slash the two-headed ogre! You freeze the two-headed ogre.
The orange crystal statue fixes its piercing gaze on you.
Something tries to feed on your intellect!
The orange crystal statue glitters.
The two-headed ogre hits you but does no damage.
The two-headed ogre hits you with a +0 giant club.
* * * LOW HITPOINT WARNING * * *
You hit the orange crystal statue but do no damage.
You headbutt the orange crystal statue, but do no damage.
The orange crystal statue is severely damaged.
You hit the two-headed ogre. You freeze the two-headed ogre.
The orange crystal statue fixes its piercing gaze on you.
You feel your power leaking away. The two-headed ogre barely misses you.
You furiously retaliate!
You headbutt the two-headed ogre.
The two-headed ogre hits you with a +0 giant club!
You die...

#..# #..# #..#
##..# . #...# .
##††.##### #
###....#...#####
####......#....)...
#8@O......###(####.
####......# #.# #.
###....###.# #.
##...#.#.####.
#...#.#.##...
##..#.#.#.##.
..#.#..###.
..#.#.####.
#........


You could see an orange crystal statue and a two-headed ogre (summoned).

Vanquished Creatures
  Pikel (D:7)
  Prince Ribbit (D:5)
  Grinder (D:6)
  Sigmund (D:6)
  3 yaks (D:8)
  2 steam dragons (D:7)
  Edmund (D:4)
  Duvessa (D:5)
  A water moccasin (D:7)
  An ice beast (D:8)
  2 orc warriors (D:6)
  3 sky beasts
  An ogre (D:4)
  2 lemures (D:7)
  6 centaurs
  A kobold brigand (D:7)
  2 bullfrogs
  6 scorpions
  12 wights
  Dowan (D:5)
  A howler monkey (D:7)
  4 hounds
  3 orc priests
  4 jellies
  A sleepcap (D:7)
  Jessica (D:2)
  Ijyb (D:4)
  2 iguanas (D:5)
  6 orc wizards
  Robin (D:2)
  6 gnolls
  4 adders
  A shadow imp (D:6)
  2 white imps
  2 ufetubi (D:5)
  3 worms
  3 dart slugs
  31 orcs
  4 bats
  9 endoplasms
  5 giant cockroaches
  13 goblins
  14 hobgoblins
  8 kobolds
  4 quokkas
  11 ball pythons
  6 frilled lizards
  5 rats
204 creatures vanquished.

Vanquished Creatures (others)
  A gnoll (D:7)
  15 plants (D:5)
16 creatures vanquished.

Grand Total: 220 creatures vanquished

Notes
Turn   | Place    | Note
-------+----------+-------------------------------------------
     0 | D:1      | LLlMATKO the Minotaur Berserker began the quest for the
                  | Orb.
     0 | D:1      | Reached XP level 1. HP: 19/19 MP: 0/0
   102 | D:1      | You fall into a shaft and drop 1 floor!
   114 | D:2      | Reached XP level 2. HP: 20/27 MP: 1/1
   226 | D:2      | Reached XP level 3. HP: 14/33 MP: 2/2
   605 | D:1      | Reached ** piety under Trog
  1453 | D:2      | Found a faded altar of an unknown god.
  1461 | D:2      | Noticed Jessica
  1464 | D:2      | Killed Jessica
  1465 | D:2      | Reached XP level 4. HP: 40/41 MP: 3/3
  1468 | D:2      | Identified the +2 helmet "Naogi" {rCorr Int+5}
  1468 | D:2      | Noticed Robin
  1477 | D:2      | Killed Robin
  2256 | D:3      | Reached XP level 5. HP: 44/47 MP: 4/4
  2338 | D:3      | Found a sacrificial altar of Ru.
  2553 | D:3      | Found the amulet of Elemental Vulnerability {rPois rF--
                  | rC-- AC+8}
  2607 | D:3      | Found Jugoschec's Armour Emporium.
  2690 | D:3      | Reached *** piety under Trog
  2880 | D:3      | Identified the +3 leather armour of Qantabb {rElec Will+
                  | Str-4 Stlth+}
  2959 | D:3      | Found a shimmering blue altar of Sif Muna.
  2960 | D:3      | Found a shimmering altar of Xom.
  2960 | D:3      | Found an iron altar of Okawaru.
  3006 | D:3      | Found a glowing golden altar of the Shining One.
  3345 | D:4      | Noticed Edmund
  3352 | D:4      | Killed Edmund
  3353 | D:4      | Reached skill level 5 in Fighting
  3353 | D:4      | Reached skill level 5 in Axes
  3353 | D:4      | Reached XP level 6. HP: 56/56 MP: 5/5
  3423 | D:4      | Found an opulent altar of Gozag.
  3852 | D:4      | Reached skill level 5 in Armour
  3852 | D:4      | Reached XP level 7. HP: 57/62 MP: 6/6
  3890 | D:4      | Noticed Ijyb
  3904 | D:4      | Killed Ijyb
  4463 | D:5      | Entered Level 5 of the Dungeon
  4464 | D:5      | Noticed Prince Ribbit
  4478 | D:5      | Killed Prince Ribbit
  4479 | D:5      | Reached skill level 5 in Dodging
  4743 | D:5      | Found a staircase to the Ecumenical Temple.
  4750 | D:5      | Reached XP level 8. HP: 71/71 MP: 7/7
  4914 | D:5      | Reached **** piety under Trog
  5122 | D:5      | Noticed Dowan
  5122 | D:5      | Noticed Duvessa
  5139 | D:5      | Killed Dowan
  5139 | D:5      | Killed Duvessa
  5189 | D:5      | Found an ornate altar of the Wu Jian Council.
  5357 | D:6      | Noticed Sigmund
  5363 | D:6      | Killed Sigmund
  5832 | D:6      | Found a stormy altar of Qazlal.
  5833 | D:6      | Noticed an air elemental
  5867 | D:6      | Noticed Grinder
  5872 | D:6      | Paralysed by Grinder for 3 turns
  5881 | D:6      | Killed Grinder
  5882 | D:6      | Reached XP level 9. HP: 71/81 MP: 8/8
  6934 | D:7      | Noticed Pikel
  6944 | D:7      | Killed Pikel
  7028 | D:7      | Found an ancient bone altar of Kikubaaqudgha.
  7318 | D:7      | Reached XP level 10. HP: 84/91 MP: 9/9
  7656 | D:8      | Found the +7 Kryia's mail coat {PotionHeal*2 rC+}
  8139 | D:8      | Reached skill level 10 in Fighting
  8139 | D:8      | Reached skill level 10 in Axes
  8158 | D:8      | Noticed an orange crystal statue
  8251 | D:8      | Noticed a two-headed ogre
  8257 | D:8      | Slain by a two-headed ogre

Illustrated notes

Levels and vault maps discovered:
D:1:      dpeg_arrival_three_smaller_balls, layout_basic
D:2:      minmay_diamond_boxcup, layout_basic,
          nicolae_ecumenical_snake_handling, kennysheep_cross_room, uniq_robin,
          uniq_jessica
D:3:      layout_basic, nicolae_tso_carved_into_rock,
          nicolae_ru_sacrificial_ziggurat, gammafunk_temple_overflow_forgotten,
          serial_shops, shop, roderic_serpentine_path, minmay_puff
D:4:      layout_basic, nicolae_gozag_cash_rules_everything_around_me,
          uniq_ijyb, uniq_edmund
D:5:      layout_rooms, kennysheep_mini, minmay_temple_entry_offerings,
          chequers_big_river, uniq_duvessa, uniq_prince_ribbit1
D:6:      layout_gridville, nicolae_qazlal_style_of_elements, lightli_minifort,
          uniq_sigmund, uniq_grinder
D:7:      layout_gridville, kiku_gazebo_garden_becter, grunt_ministairs_13,
          minmay_quadrilaterals, uniq_pikel
D:8:      minmay_statue_hallways, layout_loops_ring, general_overflow_altar,
          uniq_maurice, uniq_psyche

Skill      XL: |  1  2  3  4  5  6  7  8  9 10 |
---------------+-------------------------------+-----
Fighting       | 4 5 6 8 9 10 | 10.0
Axes           | 4 5 6 8 9 10 | 10.0
Armour         | 3 4 5 6 7 9 |  9.6
Dodging        | 3 4 5 6 8 |  8.8

Action                     |  1- 3 |  4- 6 |  7- 9 | 10-12 || total
---------------------------+-------+-------+-------+-------++-------
  Melee: Hand axe          |    65 |   130 |   215 |       ||   410
         Headbutt          |    13 |    21 |    41 |     9 ||    84
         Punch             |       |       |     4 |       ||     4
         Battleaxe         |       |       |    26 |    63 ||    89
 Invoke: Berserk           |       |     2 |     7 |     1 ||    10
   Stab: Sleeping          |     1 |       |     1 |       ||     2
 Armour: Animal skin       |     9 |    30 |       |       ||    39
         Ring mail         |       |       |    35 |       ||    35
         Chain mail        |       |       |    44 |       ||    44
         Crystal plate arm |       |       |    45 |    56 ||   101
  Dodge: Dodged            |    44 |    74 |   112 |    37 ||   267
